 Dungeon Crawl Stone Soup version 0.25-a0-834-g55863b0b92 (webtiles) character file.

Game seed: 17452801865887450705, levelgen mode: deterministic

44 unvid the Digger (level 3, 0/24 HPs)
             Began as a Mummy Earth Elementalist on Apr 22, 2020.
             Slain by a jackal (2 damage)
             ... on level 1 of the Dungeon.
             The game lasted 00:01:19 (923 turns).

unvid the Digger (Mummy Earth Elementalist)          Turns: 923, Time: 00:01:20

Health: 0/24       AC:  2    Str: 11    XL:     3   Next: 39%
Magic:  2/7        EV: 12    Int: 15    God:
Gold:   132        SH:  0    Dex: 12    Spells: 4/7 levels left

rFire    x . .     SeeInvis .   a - +0 spear
rCold    + . .     Gourm    .   (no shield)
rNeg     + + +     Faith    .   c - +0 robe
rPois    ∞         Spirit   .   (no helmet)
rElec    .         Reflect  .   (no cloak)
rCorr    .         Harm     .   (no gloves)
MR       .....                  (no boots)
Stlth    ++........             (no amulet)
HPRegen  0.08/turn              (no ring)
MPRegen  0.10/turn              (no ring)

@: no status effects
A: no food or potions, fire vulnerability, cold resistance 1, negative energy
resistance 3, torment resistance, unbreathing
a: no special abilities


You were on level 1 of the Dungeon.
You were not hungry.

You visited 1 branch of the dungeon, and saw 2 of its levels.

You collected 132 gold pieces.

Inventory:

Hand Weapons
 a - a +0 spear (weapon)
Missiles
 b - 83 stones (quivered)
Armour
 c - a +0 robe (worn)
Scrolls
 d - a scroll of enchant weapon {unknown}
 e - a scroll of magic mapping {unknown}
 f - a scroll of remove curse {unknown}
 g - 5 scrolls of identify {unknown}
 h - a scroll of amnesia {unknown}


   Skills:
 - Level 1.5 Dodging
 - Level 1.5 Stealth
 - Level 2.6 Spellcasting
 - Level 0.7 Transmutations
 + Level 3.7 Earth Magic


You had 4 spell levels left.
You knew the following spells:

 Your Spells              Type           Power        Failure   Level  Hunger
a - Sandblast             Erth           ##....       4%          1    N/A
b - Passwall              Tmut/Erth      #.......     13%         2    N/A

Your spell library contained the following spells:

 Spells                   Type           Power        Failure   Level  Hunger
 Stone Arrow              Conj/Erth      #.....       28%         3    N/A
 Petrify                  Tmut/Erth      #.......     63%         4    N/A
 Lee's Rapid Deconstruct  Erth           ##........   77%         5    N/A

Dungeon Overview and Level Annotations

Branches:
Dungeon (2/15)

Altars:
Elyvilon

Annotations:
D:2 Terence


Innate Abilities, Weirdness & Mutations

You do not eat or drink.
Your flesh is vulnerable to fire.
You are immune to poison.
Your flesh is cold resistant. (rC+)
You are immune to negative energy. (rN+++)
You are immune to unholy pain and torment.
You can survive without breathing.


Message History

Press: ? - help, Shift-Dir - straight line, f/p - jackal
Aim: a jackal (heavily wounded)
The blast of sand hits the jackal!
You kill the jackal!
b - 84 stones The leopard gecko barely misses you.
The jackal bites you.
* * * LOW HITPOINT WARNING * * *
The leopard gecko bites you.
* * * LOW HITPOINT WARNING * * *
The jackal misses you.
Casting: Sandblast (safe; 4% risk of failure)
Confirm with . or Enter, or press ? or * to list all spells.
Aiming: Sandblast (safe; 4% risk of failure)
Press: ? - help, Shift-Dir - straight line, f - jackal
Aim: a jackal The blast of sand hits the jackal.
The jackal is heavily wounded.
b - 83 stones The jackal bites you.
You die...

#.##..#.###....##.#.##..#
#.##..#...........#.##..#
#.##..#####.##.##.#.##..#
#.##..#.!...........##..#
#####.##..#.###.##.##)####..#
..........#.# #.##.##.####..#
###PPP.P..#.# #..#.##.#.....#####
...P...P..#.###l....#.#.###......
...P...P.......†@####.#.# #######
###P......#.##...h....#.# #
#.PPPP..#.##.########.# #
##...#..#...).........# #
#....).#.##.###.##############
#####.........................
######....##.###.##############
#.........##.# #.......#
##.####..#.##.# #######.#


You could see a leopard gecko and a jackal.

Vanquished Creatures
  An adder (D:2)
  2 leopard geckos
  A ball python (D:2)
  3 bats (D:1)
  A goblin (D:1)
  9 hobgoblins
  2 jackals
  2 kobolds
  A quokka (D:2)
  3 frilled lizards (D:1)
  4 rats
  A toadstool (D:1)
30 creatures vanquished.

Vanquished Creatures (others)
  2 toadstools (D:1)
2 creatures vanquished.

Grand Total: 32 creatures vanquished

Notes
Turn   | Place    | Note
-------+----------+-------------------------------------------
     0 | D:1      | unvid the Mummy Earth Elementalist began the quest for the
                  | Orb.
     0 | D:1      | Reached XP level 1. HP: 13/13 MP: 4/4
   130 | D:1      | Reached XP level 2. HP: 17/19 MP: 5/5
   145 | D:1      | Reached skill level 3 in Earth Magic
   156 | D:1      | Learned a level 2 spell: Passwall
   778 | D:2      | Reached XP level 3. HP: 24/24 MP: 1/7
   876 | D:2      | Found a white marble altar of Elyvilon.
   912 | D:2      | Noticed Terence
   923 | D:1      | Slain by a jackal

Levels and vault maps discovered:
D:1:      roderic_dead_forest, layout_basic, minmay_gold_behind_fungi
D:2:      layout_rooms, nicolae_overflow_hidden_temple, first_ration,
          chequers_ecumenical_altar_island, ebering_dispersal_statue_hall,
          uniq_terence

Skill      XL: |  1  2 |
---------------+-------+-----
Earth Magic    | 3 |  3.7
Dodging        | |  1.5
Stealth        | |  1.5
Spellcasting   | |  2.6
Transmutations | |  0.7

Action                   || total
-------------------------++-------
Melee: Spear             ||    25
       Unarmed           ||     1
Throw: Stone             ||     8
 Cast: Sandblast         ||    33
 Stab: Distracted        ||     1
Armor: Robe              ||    10
Dodge: Dodged            ||    29

Table legend:
 A = Non-vault XP
 B = Vault XP
 C = Vault XP percentage of total XP
 D = Non-vault monster count
 E = Vault monster count
 F = Vault count percentage of total count
                 A         B        C        D         E       F
            +---------+---------+-------+---------+---------+-------
      Total |      63 |       0 |   0.0 |      29 |       0 |   0.0
            +---------+---------+-------+---------+---------+-------
        D:1 |      31 |       0 |   0.0 |      18 |       0 |   0.0
        D:2 |      32 |       0 |   0.0 |      11 |       0 |   0.0
            +---------+---------+-------+---------+---------+-------
